 Dungeon Crawl Stone Soup version 0.31.0-11-ge490571c62 (webtiles) character file.

Game seed: 12969504928449069579

47 Jababy472 the Shield-Bearer (level 3, 0/30 (36) HPs)
             Began as a Troll Fighter on Feb 9, 2024.
             Slain by Jessica
             ... wielding a +6 dagger of draining
              (3 damage)
             ... on level 2 of the Dungeon.
             The game lasted 00:07:21 (1115 turns).

Jababy472 the Shield-Bearer (Troll Fighter)         Turns: 1115, Time: 00:07:21

HP:   0/30 (36)     AC:  4    Str: 26    XL:     3   Next: 48%
MP:   2/2           EV:  9    Int:  4    God:
Gold: 97            SH:  7    Dex:  9    Spells: 2/2 levels left

rFire   . . .        e - +1 short sword
rCold   . . .        b - +0 kite shield
rNeg    . . .        a - +0 robe
rPois   .            (helmet restricted)
rElec   .            (no cloak)
rCorr   .            (gloves unavailable)
SInv    .            (boots unavailable)
Will    .....        (no amulet)
Stlth   +            (no ring)
HPRegen 1.05/turn    (no ring)
MPRegen 0.08/turn

%: no passive effects
@: slowed, heavily drained, very slow
A: large, unfitting armour, claws 3, regeneration 1, shaggy fur 1, tough skin 1
a: no special abilities


You were on level 2 of the Dungeon.
You visited 1 branch of the dungeon, and saw 2 of its levels.

You collected 97 gold pieces.

Inventory:

Hand Weapons
 e - a +1 short sword (weapon)
Missiles
 f - 12 stones (quivered)
Armour
 a - a +0 robe (worn)
 b - a +0 kite shield (worn)
Scrolls
 d - a scroll of identify {unknown}
 h - a scroll of blinking {unknown}
Potions
 c - a potion of might
 g - a potion of curing {unknown}


   Skills:
 + Level 2.7 Fighting
 + Level 0.1 Short Blades
 + Level 2.8 Dodging
 + Level 3.1 Shields
 + Level 2.4 Unarmed Combat


You had 2 spell levels left.
You didn't know any spells.
Your spell library was empty.

Dungeon Overview and Level Annotations

Branches:
Dungeon (2/15)

Altars:
The Shining One

Annotations:
D:2 Jessica


Innate Abilities, Weirdness & Mutations

You are too large for most types of armour.
You have claws for hands.
Your natural rate of healing is unusually fast.
You are covered in fur. (AC +1)
You have tough skin. (AC +1)


Message History

The adder is moderately wounded.
The adder barely misses you. The adder bites you but does no damage.
You hit the adder.
The adder is severely wounded.
You block the adder's attack.
You hit the adder.
You kill the adder!
Jessica the Apprentice Sorceress comes into view.
She is wielding a +6 dagger of draining.
Jessica shouts!
Jessica gestures wildly while chanting.
Jessica blinks!
Jessica points at you and mumbles some strange words.
You feel yourself slow down.
Jessica gestures wildly while chanting.
Jessica seems to speed up.
Jessica gestures at you while chanting. Pain shoots through your body!
Jessica casts a spell at you.
You barely resist. You hit Jessica but do no damage.
Jessica hits you with a +6 dagger of draining!
You feel drained. Jessica barely misses you.
Jessica hits you with a +6 dagger of draining.
You feel drained.
You hit Jessica.
Jessica is heavily wounded.
Jessica hits you with a +6 dagger of draining.
You feel drained. Jessica completely misses you.
You hit Jessica but do no damage.
Jessica is heavily wounded.
Jessica barely misses you. You block Jessica's attack.
Jessica hits you with a +6 dagger of draining!
* * * LOW HITPOINT WARNING * * *
You feel drained.
* * * LOW HITPOINT WARNING * * *
You hit Jessica.
Jessica is heavily wounded.
You block Jessica's attack.
Jessica hits you with a +6 dagger of draining.
You die...

############
#..........#
#..........#
############..........#
#......?...#..........#
#.....@....#...........
#.....@.[..#...........
#..........#...........
#..........#...........
#..........#...........
#...........#..........#
#.................#...##
.............##.....#.#
..:.........###>.####.#
........##### #..## #.#


You could see Jessica (fast).

Vanquished Creatures
  2 adders (D:2)
  A dart slug (D:1)
  An endoplasm (D:1)
  2 giant cockroaches (D:2)
  5 hobgoblins
  A kobold (D:1)
  2 quokkas
  3 ball pythons (D:1)
  3 bats (D:1)
  A frilled lizard (D:1)
  3 goblins
  3 rats
27 creatures vanquished.

Notes
Turn   | Place    | Note
-------+----------+-------------------------------------------
     0 | D:1      | Jababy472 the Troll Fighter began the quest for the Orb.
     0 | D:1      | Reached XP level 1. HP: 22/22 MP: 0/0
   214 | D:1      | Reached XP level 2. HP: 20/29 MP: 1/1
   405 | D:1      | Reached skill level 3 in Shields
   780 | D:2      | Reached XP level 3. HP: 36/36 MP: 2/2
   995 | D:2      | Found a glowing golden altar of the Shining One.
  1108 | D:2      | Noticed Jessica
  1114 | D:2      | HP: 1/30 [Jessica/+6 dagger of draining (4)]
  1115 | D:2      | Slain by Jessica

Illustrated notes

Levels and vault maps discovered:
D:1:      dpeg_arrival_central, layout_rooms, serial_glass, glass_columns_b,
          glass_columns_b, feat_on_display, item_on_display_a, feat_on_display,
          feat_on_display, grunt_decor_mini_mirrors, minmay_tromino_i2
D:2:      minmay_evil_eye, layout_rooms, basic_altar, uniq_jessica

Skill      XL: |  1  2 |
---------------+-------+-----
Shields        | 3 |  3.1
Fighting       | |  2.7
Short Blades   | |  0.1
Dodging        | |  2.8
Unarmed Combat | |  2.4

Action                     || total
---------------------------++-------
  Melee: Unarmed           ||    54
         Short sword       ||    68
    Use: Scroll            ||     3
         Potion            ||     1
 Armour: Robe              ||    66
  Dodge: Dodged            ||    60
  Block: Kite shield       ||    42
